 Dungeon Crawl Stone Soup version 0.32-a0-384-gdd28848 (webtiles) character file.

Game seed: 10842479751784634220

224 Nithhogg the Covered (level 5, 0/47 HPs)
             Began as a Mountain Dwarf Fighter on Feb 19, 2024.
             Slain by a bombardier beetle (2 damage)
             ... on level 3 of the Dungeon.
             The game lasted 00:03:43 (2660 turns).

Nithhogg the Covered (Mountain Dwarf Fighter)       Turns: 2660, Time: 00:03:44

Health: 0/47       AC:  7    Str: 20    XL:     5   Next: 67%
Magic:  7/7        EV:  9    Int:  9    God:
Gold:   113        SH:  4    Dex:  9    Spells: 4/4 levels left

rFire   . . .        a - +0 war axe
rCold   . . .        c - +0 buckler
rNeg    . . .        b - +0 scale mail
rPois   .            (no helmet)
rElec   .            (no cloak)
rCorr   .            (no gloves)
SInv    .            (no boots)
Will    .....        (no amulet) Stlth
                     (no ring)
HPRegen 0.27/turn    (no ring)
MPRegen 0.10/turn

%: no passive effects
@: on fire, glowing
A: runic magic, artefact enchanting
a: no special abilities


You were on level 3 of the Dungeon.
You visited 1 branch of the dungeon, and saw 3 of its levels.

You collected 113 gold pieces.

Inventory:

Hand Weapons
 a - a +0 war axe (weapon)
Missiles
 o - 3 javelins (quivered)
Armour
 b - a +0 scale mail (worn)
 c - a +0 buckler (worn)
Jewellery
 g - a +5 ring of evasion
 n - a +6 ring of dexterity
Wands
 m - a wand of roots (10)
Scrolls
 e - a scroll of identify
 f - a scroll of amnesia {unknown}
 l - a scroll of teleportation
 r - a scroll of butterflies
 t - a scroll of fear
Potions
 d - a potion of might
 h - 2 potions of heal wounds
 i - a potion of attraction
 j - a potion of curing
 k - a potion of mutation
 p - a potion of lignification
 q - a potion of berserk rage
 s - 2 potions of enlightenment {unknown}


   Skills:
 + Level 4.5 Fighting
 + Level 4.1 Axes
 + Level 4.5 Armour
 - Level 3.2 Shields
 + Level 3.3 Invocations


You had 4 spell levels left.
You didn't know any spells.
Your spell library contained the following spells:

 Spells                   Type           Power      Damage    Failure   Level
 Ensorcelled Hibernation  Hex/Ice        0%         N/A       69%         2
 Fugue of the Fallen      Necr           0%         N/A       89%         3
 Hailstorm                Conj/Ice       0%         3d5       89%         3
 Summon Ice Beast         Ice/Summ       0%         N/A       89%         3
 Anguish                  Hex/Necr       0%         N/A       100%        4
 Sculpt Simulacrum        Ice/Alch       0%         N/A       100%        6


Dungeon Overview and Level Annotations

Branches:
Dungeon (3/15)

Altars:

Shops:
D:1 (


Innate Abilities, Weirdness & Mutations

Your spellcasting is much less encumbered by armour.
You can use scrolls of enchantment on lesser artefacts.


Message History

The liquid fire burns you!
The bombardier beetle sprays incendiary fluid at you.
The burning spray hits you.
You are even more covered in liquid fire!
You hit the bombardier beetle but do no damage.
The bombardier beetle is moderately wounded.
The liquid fire burns you!
The bombardier beetle bites you but does no damage.
You are too injured to fight recklessly!
You are too injured to fight recklessly!
You are too injured to fight recklessly!
You are too injured to fight recklessly!
You are too injured to fight recklessly!
You are too injured to fight recklessly!
You are too injured to fight recklessly!
You are too injured to fight recklessly!
You are too injured to fight recklessly!
You are too injured to fight recklessly!
You are too injured to fight recklessly!
You are too injured to fight recklessly!
You barely miss the bombardier beetle.
The bombardier beetle is moderately wounded.
The liquid fire burns you!
You block the bombardier beetle's attack.
You barely miss the bombardier beetle.
The bombardier beetle is moderately wounded.
The liquid fire burns you!
* * * LOW HITPOINT WARNING * * *
You closely miss the bombardier beetle.
The bombardier beetle is moderately wounded.
The liquid fire burns you!
* * * LOW HITPOINT WARNING * * *
The bombardier beetle bites you but does no damage.
You closely miss the bombardier beetle.
The bombardier beetle is moderately wounded.
The liquid fire burns you!
* * * LOW HITPOINT WARNING * * *
The bombardier beetle waves its antennae.
The bombardier beetle bites you.
You die...

#.......#...........
#.......#...........
..>...............
#####. ........).
.......... ..........
#.........
###############.......
#.....B@........####.##.
#........####...........
#.......## ##..###..#
#.......# ##......###
#.......# ##.........#
######### #...........
#########.........##
#...................
#..................#


You could see a bombardier beetle.

Vanquished Creatures
  An iguana (D:3)
  An orc wizard (D:2)
  3 gnolls
  4 adders
  4 ribbon worms
  4 orcs
  5 endoplasms
  2 giant cockroaches
  6 goblins
  2 hobgoblins
  2 quokkas (D:1)
  5 ball pythons
  3 bats
  4 frilled lizards
  8 kobolds
  4 rats
58 creatures vanquished.

Notes
Turn   | Place    | Note
-------+----------+-------------------------------------------
     0 | D:1      | Nithhogg the Mountain Dwarf Fighter began the quest for the
                  | Orb.
     0 | D:1      | Reached XP level 1. HP: 19/19 MP: 1/1
   257 | D:1      | Reached skill level 1 in Invocations
   257 | D:1      | Reached XP level 2. HP: 26/26 MP: 2/2
   650 | D:1      | Found Camud's Weapon Boutique.
   825 | D:1      | Reached XP level 3. HP: 31/31 MP: 4/4
  1538 | D:2      | Reached XP level 4. HP: 27/40 MP: 5/5
  2123 | D:2      | Reached XP level 5. HP: 29/46 MP: 7/7
  2660 | D:3      | HP: 2/47 [burnt (6)]
  2660 | D:3      | Slain by a bombardier beetle

Illustrated notes

Levels and vault maps discovered:
D:1:      dpeg_arrival_arbitrary_c, layout_basic, serial_shops, shop,
          minmay_statues_item, nicolae_hexahallways
D:2:      layout_basic, kennysheep_crisscross
D:3:      layout_rooms, grunt_decor_resistance, nicolae_figureground_sparkle

Skill      XL: |  1  2  3  4  5 |
---------------+----------------+-----
Invocations    | 1 2 3 |  3.3
Axes           | 3 4 |  4.1
Armour         | 4 |  4.5
Fighting       | 4 |  4.5
Shields        | |  3.2

Action                     |  1- 3 |  4- 6 || total
---------------------------+-------+-------++-------
  Melee: War axe           |    82 |   125 ||   207
    Use: Scroll            |       |    11 ||    11
 Armour: Scale mail        |    51 |    97 ||   148
  Dodge: Dodged            |    31 |    65 ||    96
  Block: Buckler           |    17 |    28 ||    45

Table legend: (Time is in decaauts)
 A = Elapsed time spent in this place.
 B = Non-inter-level travel time spent in this place.
 C = Inter-level travel time spent in this place.
 D = Time resting spent in this place.
 E = Time spent auto-exploring this place.
 F = Levels seen in this place.
 G = Mean time per level.
                   A        B        C        D        E       F      G
               +--------+--------+--------+--------+--------+-----+--------+
         Total |   2738 |   2683 |     55 |    206 |   1965 |   3 |  912.7 |
       Dungeon |   2738 |   2683 |     55 |    206 |   1965 |   3 |  912.7 |
               +--------+--------+--------+--------+--------+-----+--------+

Top non-repeatable levels by time:
     D:1: 1335 daAuts
     D:2: 757 daAuts
     D:3: 645 daAuts
